 Dungeon Crawl Stone Soup version bcrawl-1.21.3-16-g7f46a08de7 (webtiles) character file.

Game seed: 12825913363518545883

240681 Gogs the Acrobat (level 20, 0/158 HPs)
             Began as a Kobold Berserker on Apr 29, 2020.
             Was an Elder of Trog.
             Succumbed to a lich's poison arrow
             ... on level 1 of the Vaults on May 2, 2020.
             The game lasted 05:04:22 (47873 turns).

Gogs the Acrobat (Kobold Berserker)                Turns: 47873, Time: 05:04:22

Health: 0/158      AC: 20    Str: 15    XL:     20   Next: 11%
Magic:  14/14      EV: 41    Int:  8    God:    Trog [****..]
Gold:   2663       SH:  9    Dex: 27    Spells: 19/19 levels left

rFire    + . .     SeeInvis +   a - +9 quick blade
rCold    x . .     Gourm    .   h - +1 buckler of Laeg {MR++ MP-9 Slay+3}
rNeg     . . .     Faith    +   E - +0 acid dragon scales
rPois    .         Spirit   .   C - +2 helmet {SInv}
rElec    .         Reflect  .   i - +2 cloak
rCorr    +         Harm     .   m - +2 pair of gloves {Dex+3}
MR       +++..                  D - +2 pair of boots
Stlth    ++++++++..             n - amulet of faith
HPRegen  0.36/turn              s - +4 ring of evasion
MPRegen  0.14/turn              t - ring of fire

@: lethally poisoned (0 -> -7), about to teleport, studying Evocations
A: small, talons 1, carnivore, mutation resistance 1
}: 2/15 runes: barnacled, gossamer
a: Berserk, Trog's Hand, Brothers in Arms, Renounce Religion


You were on level 1 of the Vaults.
You worshipped Trog.
Trog was greatly pleased with you.
You were very full.

You visited 6 branches of the dungeon, and saw 26 of its levels.
You also visited: Sewer and Ice Cave.

You collected 3076 gold pieces.
You spent 413 gold pieces at shops.

Inventory:

Hand Weapons
 a - a +9 quick blade (weapon)
 b - a +0 blowgun
 q - a +5 hunting sling of freezing
 w - a +3 hunting sling of flaming
Missiles
 f - 44 curare-tipped needles
 g - 455 poisoned tomahawks
 o - 3836 sling bullets
 G - 748 tomahawks (quivered)
 H - 426 poisoned needles
 N - 32 needles of frenzy
Armour
 h - the +1 buckler of Laeg (worn) {MR++ MP-9 Slay+3}
   (You found it on level 6 of the Lair of Beasts)

   It affects your accuracy and damage with ranged weapons and melee attacks
   (+3).
   It affects your resistance to hostile enchantments.
   It affects your magic capacity (-9).
 i - a +2 cloak (worn)
 m - a +2 pair of gloves of dexterity (worn)
 C - a +2 helmet of see invisible (worn)
 D - a +2 pair of boots (worn)
 E - +0 acid dragon scales (worn)
Jewellery
 k - an uncursed ring of protection from cold
 n - an amulet of faith (around neck)
 s - a +4 ring of evasion (left hand)
 t - a ring of fire (right hand)
 K - a +3 ring of dexterity
 S - an uncursed ring of protection from cold
 W - the ring of Veh Wyi {rPois rF+ Dex-3 Stlth+}
   (You found it on level 3 of the Lair of Beasts)

   [ring of dexterity]

   It affects your dexterity (-3).
   It protects you from fire.
   It protects you from poison.
   It makes you more stealthy.
Wands
 d - a wand of disintegration (23)
 O - a wand of enslavement (11)
 P - a wand of acid (6)
 Q - a wand of flame (11)
 U - a wand of iceblast (11)
 Z - a wand of clouds (4)
Scrolls
 c - a scroll of remove curse
 p - 2 scrolls of immolation
 I - 18 scrolls of teleportation
 R - 6 scrolls of magic mapping
 V - a scroll of torment
 X - a scroll of blinking
 Y - a scroll of silence
Potions
 j - 3 potions of lignification
 l - 6 potions of haste
 r - 2 potions of might
 u - 7 potions of flight
 v - 7 potions of heal wounds
 x - a potion of cancellation
 z - 11 potions of curing
 A - 3 potions of mutation
 B - a potion of agility
 F - 5 potions of brilliance
 L - 3 potions of invisibility
 T - 3 potions of resistance
Books
 y - a manual of Evocations
Comestibles
 e - 50 rations {!d}
 J - 10 chunks of flesh


   Skills:
 * Level 19.8 Fighting
 - Level 14.0 Short Blades
 - Level 5.0 Armour
 * Level 22.8 Dodging
 + Level 19.6 Stealth
 - Level 5.6 Shields
 - Level 4.0 Evocations


You had 19 spell levels left.
You didn't know any spells.
Your spell library contained the following spells:

 Spells                   Type           Power        Failure   Level  Hunger
 Shock                    Conj/Air       #....        52%         1    ##.....
 Airstrike                Air            #.........   99%         4    #####..
 Ice Form                 Ice/Tmut       #.......     99%         4    #####..
 Silence                  Hex/Air        #.........   100%        5    ######.
 Ozocubu's Refrigeration  Ice            #.........   100%        6    #######


Dungeon Overview and Level Annotations

Branches:
Dungeon (12/12)            Temple (0/1) D:6            Lair (6/6) D:9
 Shoals (3/3) Lair:2       Spider (3/3) Lair:3        Slime (0/5) Lair:5
    Orc (1/1) D:8             Elf (0/3) Orc          Vaults (1/3) D:11
  Crypt (0/2) Vaults:1     Depths (0/5) D:12

Altars:
Elyvilon
Gozag
Nemelex Xobeh
Okawaru
Qazlal
Ru
Vehumet
Yredelemnul
Jiyva

Shops:
D:7 }   D:8 [   D:10 !   D:11 }   D:12 !   Orc [*:*


Innate Abilities, Weirdness & Mutations

You are small and have problems with some larger weapons.
You have sharp toenails.
You are carnivorous and can eat meat at any time.
You are somewhat resistant to further mutation.


Message History

You feel sick. The fire dragon breathes flames at you. You resist.
The blast of flame hits you!!
* * * LOW HITPOINT WARNING * * *
You hear two shouts!
You hit the fire dragon.
The fire dragon is severely wounded.
You closely miss the fire dragon.
The fire dragon is severely wounded.
* * * LOW HITPOINT WARNING * * *
You feel sick.
Your ogre closely misses the fire dragon.
Your ogre hits the swamp dragon with a +0 giant club.
Your ogre closely misses the vault warden. x2
You hit the fire dragon.
The fire dragon is severely wounded.
The vault warden hits your ogre with a +2 bardiche!!
As you read the scroll of teleportation, it crumbles to dust.
You feel strangely unstable.
You die...

#....... #....... #.......
#....... #....... ########
+'############## #######
.........pOp...# #......
........H.DD@..# #......
#########+####+# ###...... #....#
#........ #....# ####.#......
##########'########...###...
........).....###.......#...
.......))))...###.#####.#...
#################++###.#8∩8#.#...
...................###.#...#.#...


You could see a fire dragon, a sphinx, 2 vault wardens, a swamp dragon and a
friendly ogre (berserk).

Vanquished Creatures
  A golden dragon (Vaults:1)
  Rupert (Lair:5)
  Kirke (Spider:1)
  A nagaraja (Vaults:1)
  The ghost of Gogs the Unseen, an adept KoBe of Trog (Spider:2)
  3 deep elf sorcerers (Vaults:1)
  2 vault wardens (Vaults:1)
  A frost giant (Vaults:1)
  11 emperor scorpions
  4 ghost moths
  3 ironheart preservers (Vaults:1)
  An orc warlord (D:8)
  4 entropy weavers
  A vampire knight (Vaults:1)
  A deep elf demonologist (Vaults:1)
  5 merfolk javelineers (Shoals:3)
  A deep elf death mage (Vaults:1)
  A fire dragon (Vaults:1)
  6 merfolk impalers
  6 ogre magi
  2 ice dragons
  Fannar (Lair:2)
  5 hydras
  Harold (Lair:6)
  6 vault guards
  2 centaur warriors
  A catoblepas (D:9)
  2 merfolk avatars (Shoals:3)
  A death knight (Vaults:1)
  3 merfolk aquamancers
  2 satyrs
  21 two-headed ogres
  2 death yaks (Lair:3)
  2 tengu warriors (D:10)
  A dancing weapon (Vaults:1)
  A deep elf knight (Vaults:1)
  A soul eater (Vaults:1)
  7 deep trolls
  A shadow wraith (Vaults:1)
  8 sea snakes
  2 skeletal warriors (D:12)
  A spark wasp zombie (D:12)
  3 unseen horrors
  2 glowing orange brains (Vaults:1)
  An unseen horror (shapeshifter) (D:11)
  A flayed ghost (Vaults:1)
  A tengu zombie (D:12)
  2 deep elf archers
  6 cyclopes
  A phantasmal warrior (D:12)
  A lindwurm (Lair:5)
  2 necromancers
  2 orc knights
  4 wizards
  19 orb spiders
  A harpy (shapeshifter) (D:10)
  An orb spider (shapeshifter) (D:11)
  An orc sorcerer (D:8)
  An oklob plant (D:10)
  22 wolf spiders
  20 fauns
  A fire giant zombie (D:12)
  11 elephants (Lair:6)
  8 manticores
  2 moths of wrath
  4 merfolk sirens
  A torpor snail (Lair:3)
  An ice statue (IceCv)
  3 vault sentinels (Vaults:1)
  5 black mambas
  A gargoyle (D:10)
  4 centaur skeletons
  13 cane toads
  2 rime drakes
  5 komodo dragons
  8 yaktaurs
  5 demonic crawlers
  3 tengu conjurers (D:11)
  22 jumping spiders
  10 trolls
  22 polar bears
  9 hornets
  16 merfolk
  5 wind drakes
  27 dream sheep
  23 blink frogs
  2 snapping turtles
  A frost giant simulacrum (Vaults:1)
  An ettin zombie (Vaults:1)
  7 hippogriffs
  3 slime creatures (Vaults:1)
  61 redbacks
  A spriggan skeleton (D:12)
  11 spriggans
  40 yaks
  28 tarantellas
  2 basilisks
  3 water elementals (Shoals:2)
  2 wraiths
  A human (D:11)
  3 hungry ghosts
  2 steam dragons
  Menkaure (D:5)
  A warg (D:8)
  13 crocodiles
  An acid dragon (D:10)
  7 water moccasins
  7 porcupines
  11 ice beasts
  A black bear (D:8)
  An ettin simulacrum (Vaults:1)
  18 orc warriors
  3 phantoms
  A necrophage (D:8)
  7 sky beasts
  7 boggarts
  29 ogres
  32 wolves
  7 centaurs
  3 big kobolds
  12 bullfrogs
  Blork the orc (D:5)
  2 human skeletons (Vaults:1)
  A deep troll simulacrum (Vaults:1)
  4 scorpions
  3 electric eels
  6 wights
  3 howler monkeys
  6 crimson imps
  3 centaur zombies
  A quasit (D:9)
  4 bullfrog skeletons
  8 orc priests
  7 hounds
  6 jellies
  16 orc wizards
  3 iguanas
  11 worker ants
  3 hound skeletons
  2 worker ant zombies
  3 howler monkey skeletons
  4 gnolls (D:9)
  11 adders
  2 shadow imps
  An ooze (D:4)
  2 adder zombies
  4 dart slugs
  4 worms
  5 leopard geckos
  64 orcs
  A ball python (Sewer)
  8 giant cockroaches
  9 goblins
  12 hobgoblins
  17 jackals
  23 kobolds
  8 quokkas
  10 bats
  8 frilled lizards
  2 jackal skeletons
  5 rats
  3 plants
1056 creatures vanquished.

Vanquished Creatures (collateral kills)
  A lich (Vaults:1)
  A frost giant (IceCv)
  A vault warden (Vaults:1)
  A spark wasp (Spider:2)
  A yaktaur captain (Vaults:1)
  4 vault guards (Vaults:1)
  2 centaur warriors
  2 cyclopes (Vaults:1)
  An ugly thing (D:9)
  An orb spider (Spider:2)
  A wolf spider (Spider:2)
  A moth of wrath (Spider:2)
  A torpor snail (Spider:2)
  A komodo dragon (Lair:6)
  2 jumping spiders (Spider:2)
  8 polar bears
  2 hornets (Lair:6)
  2 blink frogs (Lair:6)
  2 yaks (IceCv)
  A redback (Spider:2)
  2 spriggans (Lair:6)
  4 wolves (Lair:6)
  A boggart (Lair:6)
  An orc priest (D:7)
  3 orcs (D:7)
47 creatures vanquished.

Vanquished Creatures (others)
  A sea snake (Shoals:3)
  A polar bear (IceCv)
  A redback (Spider:3)
  4 humans (Spider:1)
  A tarantella (Spider:3)
  A wolf (IceCv)
  2 orcs
  19 fungi
  93 plants
123 creatures vanquished.

Grand Total: 1226 creatures vanquished

Notes
Turn   | Place    | Note
-------+----------+-------------------------------------------
     0 | D:1      | Gogs the Kobold Berserker began the quest for the Orb.
     0 | D:1      | Reached XP level 1. HP: 16/16 MP: 1/1
    63 | D:1      | Reached XP level 2. HP: 21/21 MP: 2/2
    93 | D:1      | Reached skill level 1 in Stealth
   208 | D:1      | Reached skill level 3 in Dodging
   239 | D:1      | Reached XP level 3. HP: 26/26 MP: 3/3
   285 | D:1      | Reached ** piety under Trog
   763 | D:2      | Found an iron altar of Okawaru.
  1078 | D:2      | Found a white marble altar of Elyvilon.
  1098 | D:2      | Reached XP level 4. HP: 31/31 MP: 4/4
  1272 | D:2      | Reached skill level 5 in Short Blades
  1905 | D:3      | Found a sparkling altar of Nemelex Xobeh.
  1928 | D:3      | Noticed a black bear
  1964 | D:3      | Reached XP level 5. HP: 37/37 MP: 5/5
  2123 | D:3      | Reached *** piety under Trog
  2148 | D:3      | Reached skill level 4 in Dodging
  2513 | D:3      | Found a radiant altar of Vehumet.
  2554 | D:3      | Reached XP level 6. HP: 34/43 MP: 6/6
  3038 | D:4      | Noticed an ogre
  3369 | D:4      | Noticed a sky beast
  3373 | D:4      | Killed a sky beast
  3373 | D:4      | Reached skill level 5 in Dodging
  3373 | D:4      | Reached XP level 7. HP: 48/48 MP: 7/7
  3799 | D:4      | Reached skill level 6 in Dodging
  3799 | D:4      | Reached XP level 8. HP: 36/54 MP: 8/8
  3988 | D:5      | Entered Level 5 of the Dungeon
  4055 | D:5      | Reached **** piety under Trog
  4079 | D:5      | Found a basalt altar of Yredelemnul.
  4247 | D:5      | Reached skill level 5 in Fighting
  4369 | D:5      | Noticed Menkaure
  4376 | D:5      | Killed Menkaure
  4376 | D:5      | Reached skill level 5 in Stealth
  4644 | D:5      | Noticed Blork the orc
  4651 | D:5      | Killed Blork the orc
  4730 | D:5      | Reached skill level 7 in Dodging
  4807 | D:5      | Found a sacrificial altar of Ru.
  4809 | D:5      | Found an opulent altar of Gozag.
  5157 | D:6      | Reached XP level 9. HP: 56/61 MP: 9/9
  5167 | D:6      | Found a staircase to the Ecumenical Temple.
  5179 | D:6      | Found a stormy altar of Qazlal.
  5437 | D:6      | Reached skill level 8 in Dodging
  5460 | D:6      | Found a glowing drain.
  5469 | Sewer    | Entered a sewer
  6351 | D:7      | Noticed a hippogriff
  6385 | D:7      | Killed a hippogriff
  6505 | D:6      | Reached ***** piety under Trog
  6709 | D:7      | Found Wuedwinwung's Gadget Shop.
  6938 | D:7      | Reached skill level 10 in Short Blades
  7044 | D:7      | Reached skill level 9 in Dodging
  7488 | D:7      | Reached XP level 10. HP: 69/69 MP: 10/10
  7933 | D:8      | Received a gift from Trog
  7945 | D:8      | Found a staircase to the Orcish Mines.
  8017 | D:8      | Reached skill level 10 in Dodging
  8453 | D:8      | Found a flagged portal.
  8508 | D:8      | Found Pumin's Antique Armour Shop.
  8549 | D:8      | Bought a dyed leather armour for 100 gold pieces
  9301 | D:9      | Received a gift from Trog
  9451 | D:9      | Reached skill level 11 in Dodging
  9479 | D:9      | Reached XP level 11. HP: 75/75 MP: 11/11
  9562 | D:9      | Noticed a white ugly thing
  9566 | D:9      | Noticed a catoblepas
  9568 | D:9      | Noticed a centaur warrior
  9575 | D:9      | Killed a white ugly thing
  9580 | D:9      | Killed a centaur warrior
  9651 | Orc      | Entered the Orcish Mines
  9923 | Orc      | Noticed a two-headed ogre
 10206 | D:9      | Noticed a two-headed ogre
 10222 | D:9      | Killed a two-headed ogre
 10222 | D:9      | Reached skill level 12 in Dodging
 10254 | D:9      | Found a staircase to the Lair.
 10267 | D:9      | Reached skill level 10 in Stealth
 10351 | D:10     | Entered Level 10 of the Dungeon
 10679 | D:10     | Noticed an oklob plant
 10680 | D:10     | Found a white marble altar of Elyvilon.
 10776 | D:10     | Found Liveppue's Distillery.
 10792 | D:10     | Bought a potion of lignification for 36 gold pieces
 11049 | D:10     | Killed an oklob plant
 11318 | D:11     | Noticed a harpy
 11340 | D:10     | Killed a harpy
 11503 | D:11     | Noticed a two-headed ogre
 11518 | D:11     | Killed a two-headed ogre
 11518 | D:11     | Reached XP level 12. HP: 84/84 MP: 12/12
 11596 | D:11     | Noticed a centaur warrior
 11612 | D:11     | Killed a centaur warrior
 11833 | D:11     | Noticed an unseen horror
 11849 | D:11     | Killed an unseen horror
 11849 | D:11     | Reached skill level 13 in Dodging
 11889 | D:11     | Noticed a vault guard
 11910 | D:11     | Noticed a vault guard
 11984 | D:11     | Noticed an unseen horror
 12022 | D:11     | Killed an unseen horror
 12077 | D:11     | Noticed a tengu warrior
 12084 | D:11     | Noticed a tengu warrior
 12124 | D:10     | Killed a tengu warrior
 12306 | D:10     | Killed a tengu warrior
 12373 | D:11     | Received a gift from Trog
 12713 | D:11     | Found Zayxas's Gadget Emporium.
 12738 | D:11     | Reached skill level 14 in Dodging
 12765 | D:11     | Bought a wand of flame (15) for 102 gold pieces
 13029 | D:12     | Entered Level 12 of the Dungeon
 13193 | D:12     | Noticed a skeletal warrior
 13195 | D:12     | Found a staircase to the Depths.
 13245 | D:12     | Reached skill level 10 in Fighting
 13403 | D:12     | Found Uryuwid's Distillery.
 13409 | D:12     | Noticed a six-headed hydra
 13413 | D:12     | Killed a six-headed hydra
 13413 | D:12     | Reached XP level 13. HP: 92/92 MP: 13/13
 13531 | Lair:1   | Entered Level 1 of the Lair of Beasts
 14510 | Lair:2   | Found a staircase to the Shoals.
 14625 | Lair:2   | Reached skill level 15 in Dodging
 14745 | Lair:2   | Noticed Fannar
 14770 | Lair:2   | Killed Fannar
 14770 | Lair:2   | Received a gift from Trog
 14770 | Lair:2   | Reached skill level 1 in Shields
 15740 | Lair:3   | Got a translucent bronze ring
 15741 | Lair:3   | Identified the cursed ring of Veh Wyi {rPois rF+ Dex-3
                  | Stlth+} (You found it on level 3 of the Lair of Beasts)
 15927 | Lair:3   | Noticed a four-headed hydra
 15933 | Lair:3   | Killed a four-headed hydra
 16256 | Lair:3   | Found a hole to the Spider Nest.
 16669 | Lair:4   | Noticed a four-headed hydra
 16684 | Lair:4   | Killed a four-headed hydra
 16826 | Lair:4   | Reached XP level 14. HP: 87/102 MP: 14/14
 17010 | Lair:4   | Reached skill level 16 in Dodging
 17593 | Lair:5   | Found a frozen archway.
 17654 | IceCv    | Entered an ice cave
 18839 | IceCv    | Reached ****** piety under Trog
 19069 | IceCv    | Reached skill level 5 in Shields
 19139 | IceCv    | Received a gift from Trog
 19545 | IceCv    | Noticed a frost giant
 19561 | IceCv    | Killed a frost giant
 19636 | IceCv    | Identified Zuadoecso's Volume of Flying Ice
 20406 | Lair:5   | Noticed Rupert
 20494 | Lair:5   | Found a viscous altar of Jiyva.
 20494 | Lair:5   | Found a staircase to the Slime Pits.
 20776 | Lair:5   | Reached skill level 17 in Dodging
 21368 | Lair:5   | Received a gift from Trog
 21830 | Lair:6   | Entered Level 6 of the Lair of Beasts
 21910 | Lair:6   | Reached XP level 15. HP: 92/111 MP: 15/15
 22079 | Lair:6   | Noticed Harold
 22101 | Lair:6   | Killed Harold
 22956 | Lair:6   | Received a gift from Trog
 23348 | Lair:6   | Reached skill level 15 in Stealth
 23715 | Lair:6   | Got a twisted buckler
 23717 | Lair:6   | Found the +5 demon whip "Spellbinder" {antimagic, MR+}
 23722 | Lair:6   | Identified the +1 buckler of Laeg {MR++ MP-9 Slay+3} (You
                  | found it on level 6 of the Lair of Beasts)
 24264 | Lair:6   | Reached skill level 18 in Dodging
 24813 | Lair:5   | Killed Rupert
 25898 | D:12     | Received a gift from Trog
 26036 | D:12     | Reached XP level 16. HP: 120/120 MP: 7/16
 26353 | D:11     | Found a gate to the Vaults.
 26357 | D:11     | Reached skill level 15 in Fighting
 27596 | Orc      | Found a staircase to the Elven Halls.
 28106 | Orc      | Received a gift from Trog
 28274 | Orc      | Found Safuggit's Book Boutique.
 28279 | Orc      | Found Riyt's Antique Armour Shop.
 28279 | Orc      | Found Tiekill's General Store.
 28342 | D:8      | Reached skill level 19 in Dodging
 28837 | Orc      | Found Zaath's General Store.
 28856 | Orc      | Bought a warped leather armour for 175 gold pieces
 28856 | Orc      | Identified the +1 leather armour "Ziomonat" {rPois Str+6
                  | Stlth+} (You bought it in a shop in the Orcish Mines)
 29075 | Spider:1 | Entered Level 1 of the Spider Nest
 29227 | Spider:1 | Noticed Kirke
 29247 | Spider:1 | Killed Kirke
 29597 | Spider:1 | Reached skill level 5 in Armour
 29771 | Spider:1 | Received a gift from Trog
 30510 | Spider:1 | Reached XP level 17. HP: 117/129 MP: 8/17
 32087 | Spider:1 | Received a gift from Trog
 32420 | Spider:2 | Reached skill level 20 in Dodging
 32986 | Spider:2 | Found a transporter.
 32998 | Spider:2 | Noticed Gogs's ghost (adept KoBe)
 33008 | Spider:2 | Found a transporter.
 33277 | Spider:2 | HP: 6/131 [poisoned by a redback]
 33702 | Spider:3 | Entered Level 3 of the Spider Nest
 36664 | Spider:3 | Received a gift from Trog
 37107 | Spider:2 | Reached XP level 18. HP: 137/139 MP: 9/18
 38091 | Spider:3 | Got a gossamer rune of Zot
 39210 | Spider:2 | Killed Gogs's ghost
 39236 | Spider:2 | Found a transporter.
 39543 | Spider:2 | Reached skill level 21 in Dodging
 39577 | Spider:2 | Found a transporter.
 39682 | Spider:2 | Identified the amulet of Thoughtfulness {Faith rC- Str+4
                  | Int+2}
 39796 | Shoals:1 | Entered Level 1 of the Shoals
 40432 | Shoals:1 | Received a gift from Trog
 41603 | Shoals:2 | Identified the ring "Keve" {*Tele Str+7}
 41726 | Shoals:2 | Reached skill level 1 in Evocations
 41786 | Shoals:2 | Identified the +1 lajatang "Vugiepn" {freeze, rN+ Str+5}
 42066 | Shoals:3 | Entered Level 3 of the Shoals
 43155 | Shoals:3 | Got a barnacled rune of Zot
 43203 | Shoals:3 | Received a gift from Trog
 43380 | Shoals:3 | Reached XP level 19. HP: 147/147 MP: 13/22
 44413 | Vaults:1 | Entered Level 1 of the Vaults
 44507 | Vaults:1 | Noticed a Hell Sentinel
 44921 | Vaults:1 | Reached skill level 22 in Dodging
 45158 | Vaults:1 | Found a staircase to the Crypt.
 45287 | Vaults:1 | Received a gift from Trog
 46976 | Vaults:1 | Received a gift from Trog
 47668 | Vaults:1 | Noticed a golden dragon
 47691 | Vaults:1 | Killed a golden dragon
 47691 | Vaults:1 | Reached XP level 20. HP: 129/158 MP: 14/23
 47869 | Vaults:1 | HP: 2/158 [fire dragon/blast of flame (19)]
 47873 | Vaults:1 | Succumbed to a lich's poison arrow

Skill      XL: |  1  2  3  4  5  6  7  8  9 10 11 12 13 14 15 16 17 18 19 |
---------------+----------------------------------------------------------+-----
Stealth        | 1 2 3 4 6 7 8 10 12 13 14 15 16 17 18 19 | 19.6
Dodging        | 3 4 5 6 7 9 11 12 14 15 17 18 19 20 21 22 | 22.8
Short Blades   | 5 6 7 9 10 12 13 14 | 14.0
Fighting       | 4 5 6 7 8 10 11 13 14 16 17 18 19 | 19.8
Shields        | 3 5 |  5.6
Armour         | 3 5 |  5.0
Evocations     | 4 |  4.0

Action                   |  1- 3 |  4- 6 |  7- 9 | 10-12 | 13-15 | 16-18 | 19-21 || total
-------------------------+-------+-------+-------+-------+-------+-------+-------++-------
Melee: Short sword       |    91 |   120 |   549 |    60 |       |       |       ||   820
       Kick              |    29 |    44 |    42 |       |       |       |       ||   115
       Rapier            |       |       |       |   695 |  1677 |  2343 |   291 ||  5006
       Quick blade       |       |       |       |       |       |       |   636 ||   636
 Fire: Blowgun           |       |       |       |    12 |       |       |       ||    12
Throw: Stone             |     5 |       |       |       |       |       |       ||     5
       Tomahawk          |       |       |       |     4 |       |       |     1 ||     5
Invok: Berserk           |       |     1 |     3 |     2 |     1 |     3 |       ||    10
       Brothers in Arms  |       |       |     1 |     4 |     4 |     8 |     7 ||    24
 Abil: Evoke Flight      |       |       |       |       |     1 |       |       ||     1
Evoke: Wand              |       |       |       |     1 |    10 |     7 |       ||    18
  Use: Scroll            |     4 |     7 |     8 |    11 |    12 |    13 |     2 ||    57
       Potion            |       |       |       |       |       |     2 |     2 ||     4
 Stab: Sleeping          |     5 |    10 |    13 |    29 |    40 |    26 |     2 ||   125
       Distracted        |       |       |     1 |     2 |     4 |     9 |     8 ||    24
  Eat: Chunk             |     9 |     8 |    21 |    26 |    43 |    57 |    16 ||   180
       Ration            |       |       |       |       |       |     3 |       ||     3
Armor: Leather armour    |    17 |    12 |    80 |    13 |    45 |       |       ||   167
       Troll leather arm |       |       |       |    33 |       |       |       ||    33
       Acid dragon scale |       |       |       |    30 |    97 |   306 |    50 ||   483
Dodge: Dodged            |    50 |    60 |   467 |   553 |  1245 |  2562 |   545 ||  5482
Block: Buckler           |       |       |       |       |   497 |  1009 |   189 ||  1695
